Map: Ley Lines

Players

Adam - Winner!

  • Race: Protoss Protoss
  • Spawn Location: 1:00

Etherodox

  • Race: Terran Terran
  • League: Master
  • Spawn Location: 7:00

VOD

Have the link to the VOD?

Description

Time

  • Played on: Sept. 5, 2025, 4:37 a.m.
  • Length: 9:50
Show
View Real Time Build Order
Export as new Build Order

Adam Protoss - Winner!

Build Orders: 1 Gate Expand, Zealot Archon 

Get SALT Encoding   

  12  0:00  Probe  
  13  0:12  Probe  
  14  0:18  Pylon  
  14  0:24  Probe  
  15  0:36  Gateway  
  15  0:38  Probe  
  16  0:50  Probe  
  17  1:02  Probe  
  18  1:17  Nexus  
  18  1:26  Cybernetics Core  
  18  1:27  Probe  
  18  1:32  Assimilator  
  19  1:39  Probe  
  20  1:43  Pylon  
  20  1:52  Probe  
  20  1:53  Assimilator  
  21  2:04  Probe  
  21  2:06  Stalker  
  22  2:16  Probe  
  22  2:21  Warp Gate  
  25  2:26  Pylon  
  25  2:28  Probe  
  26  2:30  Probe  
  26  2:36  Stalker  
  27  2:40  Probe  
  27  2:42  Probe  
  31  2:53  Probe  
  31  2:54  Probe  
  33  3:05  Probe, Twilight Council  
  33  3:06  Probe  
  33  3:07  Gateway  
  35  3:14  Stalker  
  37  3:29  Probe x2  
  37  3:30  Stargate  
  39  3:41  Probe x2  
  41  3:43  Twilight Council  
  41  3:46  Gateway  
  41  3:50  Probe x2  
  43  3:59  Probe x2  
  43  4:01  Pylon  
  43  4:05  Pylon  
  43  4:07  Pylon  
  43  4:09  Charge, Phoenix  
  43  4:15  Probe x2  
  45  4:23  Zealot x2  
  51  4:27  Probe x2  
  53  4:39  Probe x2  
  53  4:41  Assimilator x2  
  55  4:47  Stalker x3  
  55  4:51  Probe x2  
  63  4:59  Phoenix  
  65  5:14  Nexus  
  65  5:15  Pylon  
  55  5:40  Phoenix  
  56  5:42  Probe  
  56  5:43  Probe  
  56  5:44  Zealot x3  
  56  5:48  Gateway  
  56  5:49  Gateway  
  61  5:51  Gateway  
  61  5:53  Gateway  
  61  6:02  Templar Archives, Probe  
  61  6:03  Probe  
  63  6:05  Phoenix  
  63  6:08  Forge  
  65  6:22  Probe x2, Phoenix  
  67  6:31  Protoss Ground Weapons Level 1  
  69  6:39  Assimilator  
  69  6:40  Assimilator  
  69  6:43  Forge  
  69  6:45  Phoenix  
  69  6:50  High Templar  
  69  6:51  Zealot x4, High Templar  
  69  6:53  Zealot  
  85  6:55  Archon  
  85  6:58  Probe x3  
  88  7:04  Gateway  
  88  7:07  Pylon  
  88  7:10  Probe x2  
  88  7:11  Probe  
  88  7:14  Phoenix  
  94  7:22  Probe  
  94  7:23  Probe x2  
  96  7:34  Probe  
  96  7:35  Probe x2  
  99  7:37  High Templar x2  
  99  7:38  Zealot, High Templar x2  
  99  7:40  Pylon  
  99  7:42  Pylon  
  99  7:43  Pylon  
  109  7:47  Pylon  
  109  7:55  Archon x2  
  109  8:05  Zealot x4  
  117  8:15  Zealot x4  
  125  8:22  Pylon  
  125  8:23  Pylon  
  125  8:24  Pylon  
  125  8:26  Pylon x2  
  125  8:29  Pylon  
  125  8:31  Pylon  
  125  8:41  Zealot x6  
  125  8:42  Zealot x2  
  121  9:03  High Templar x3  
  121  9:04  High Templar x3  
  121  9:06  Nexus, High Templar x2  
  121  9:08  Pylon  
  121  9:09  Archon  
  137  9:10  Phoenix, Archon  
  137  9:11  Pylon  
  137  9:14  Pylon  
  139  9:28  Archon  
Show
View Real Time Build Order
Export as new Build Order

Etherodox Terran 

Build Orders:  

Get SALT Encoding   

  12  0:02  SCV  
  13  0:14  SCV  
  13  0:19  Supply Depot  
  14  0:26  SCV  
  15  0:40  SCV  
  16  0:47  Barracks  
  16  0:49  Refinery  
  16  0:53  SCV  
  17  1:05  SCV  
  18  1:17  SCV  
  19  1:30  SCV  
  20  1:42  SCV  
  20  1:47  Reaper, Command Center  
  22  2:06  Orbital Command  
  22  2:19  Marine  
  23  2:28  Factory  
  23  2:32  Supply Depot  
  23  2:47  Barracks Tech Lab  
  23  2:53  SCV  
  24  3:00  SCV  
  26  3:05  SCV  
  26  3:08  Refinery  
  26  3:17  Orbital Command, SCV  
  26  3:27  Siege Tank, Barracks Reactor  
  26  3:29  SCV  
  30  3:41  Barracks  
  30  3:42  SCV  
  30  3:44  SCV  
  30  3:48  Supply Depot  
  32  3:49  Supply Depot  
  32  3:54  SCV  
  33  3:56  SCV  
  33  4:05  Siege Tank  
  33  4:06  Marine x2  
  36  4:18  SCV  
  36  4:19  SCV  
  36  4:23  Marine  
  36  4:24  Marine  
  39  4:30  SCV  
  39  4:31  SCV  
  40  4:32  Marine  
  41  4:43  SCV x2  
  43  4:50  Marine  
  44  4:55  Bunker, SCV x2  
  46  5:00  Marine x2  
  48  5:07  SCV x2  
  48  5:08  Supply Depot, Marine  
  51  5:17  Marine  
  51  5:18  Marine  
  51  5:19  SCV x2  
  55  5:21  Siege Tank  
  57  5:31  SCV  
  54  5:46  Barracks Tech Lab  
  54  5:51  Marine x2, Engineering Bay  
  54  5:53  Siege Tank  
  54  5:56  SCV x2  
  61  5:59  Refinery  
  61  6:07  Stimpack  
  61  6:08  Marine x2, SCV x2  
  61  6:10  Marauder  
  67  6:16  Supply Depot  
  67  6:17  Supply Depot x2  
  67  6:21  Supply Depot  
  70  6:25  Siege Tank  
  70  6:35  Terran Infantry Weapons Level 1  
  70  6:37  Marine x3, Starport  
  73  6:41  Engineering Bay  
  73  6:45  SCV  
  73  6:46  SCV  
  75  6:57  Siege Tank, Marine  
  75  6:58  Marine x2, SCV x2  
  83  7:10  SCV  
  84  7:15  Marine x2  
  84  7:16  Marine, Refinery  
  84  7:35  SCV x2  
  86  7:41  Command Center  
  86  7:42  Marine  
  86  7:43  Marine x2  
  86  7:45  Starport Reactor  
  86  7:46  Siege Tank  
  86  7:47  SCV x2  
  91  8:00  Marine x2  
  91  8:01  Marine  
  91  8:05  Combat Shield  
  94  8:11  Barracks  
  94  8:12  Supply Depot x2  
  94  8:13  SCV x2  
  94  8:18  Marine x3, Barracks x2  
  99  8:20  Siege Tank  
  102  8:34  Medivac x2  
  102  8:36  Supply Depot, Marine x3  
  102  8:40  Armory  
  105  8:54  Marine x3  
  82  9:04  Siege Tank  
  85  9:11  Marine  
  85  9:12  Marine, Barracks Tech Lab  
  85  9:13  Barracks Tech Lab  
  87  9:20  Barracks Tech Lab, SCV  
  87  9:21  SCV  
Tags
 
Composition
Zealot Archon
League
Master
Matchup
PvT
Spawn Locations
Cross Positions
Add a new tag
Caveats
  • Supply blocks, unpowered buildings, or Contaminate may cause inaccurate times.
  • Supply counts are checked every 10 seconds.